cohdb
Replays
Latest Replays
All Replays
Popular Replays
Top Player Replays
Match Explorer
How It Works
Community
CoH3 Stats
Reddit
Sign in to upload your games and track your stats! →
Sign in with Steam
Match 45388179
Unlisted
Match 45388179
Overview
Messages
Build Orders
End
Scout Squad
Construct Barracks
Selects Armored Battlegroup
Selects Veteran Crews
1⁄4-ton 4x4 Truck
Riflemen Squad
Riflemen Squad
M1 Mortar Team
Infantry Support Center
Construct Medical Station
Construct Weapon Support Center
Selects Fast Deploy
M3 Armored Personnel Carrier
Engineer Squad
M3 Armored Personnel Carrier
M1919 Machine Gun Team
Selects M8 Scott SPG
M8 Scott SPG
M8 Scott SPG
M8 Scott SPG
M8 Scott SPG
Nostalgi@
Wednesday
0
0
Comments
sign in to comment!
No comments posted yet!